 Dungeon Crawl Stone Soup version 0.29.1-12-g30fa7ad0bf (webtiles) character file.

Game seed: 12540019357106691257

37116 Radix the Convoker (level 13, 0/106 HPs)
             Began as a Barachi Summoner on Dec 30, 2022.
             Was a Priest of the Shining One.
             Slain by a five-headed hydra (5 damage)
             ... on level 4 of the Lair of Beasts on Dec 31, 2022.
             The game lasted 02:32:06 (15445 turns).

Radix the Convoker (Barachi Summoner)              Turns: 15445, Time: 02:32:07

Health: 0/106      AC: 15    Str: 10    XL:     13   Next: 94%
Magic:  19/30      EV: 12    Int: 19    God:    the Shining One [***...]
Gold:   723        SH:  6    Dex: 14    Spells: 27/38 levels left

rFire   + . .      SeeInvis .   G - +2 hand crossbow (flame)
rCold   . . .      Faith    .   (no shield)
rNeg    + . .      Spirit   .   O - +0 steam dragon scales
rPois   .          Reflect  .   n - +0 helmet
rElec   .          Harm     .   A - +0 cloak
rCorr   .          Rampage  .   f - +0 pair of gloves
Will    .....                   o - +2 pair of boots
Stlth   +.........              T - amulet of the acrobat
HPRegen 0.27/turn               N - ring of protection from fire
MPRegen 0.22/turn               P - +4 ring of protection

@: lethally poisoned (0 -> -20), divinely shielded, frozen, unable to hop,
glowing, very slow
A: amphibious, slowness 1, strong legs 2, +LOS
a: Hop, Renounce Religion, Divine Shield, Cleansing Flame


You were on level 4 of the Lair of Beasts.
You worshipped the Shining One.
The Shining One was most pleased with you.
You visited 2 branches of the dungeon, and saw 13 of its levels.
You also visited: Volcano.

You collected 723 gold pieces.

Inventory:

Hand Weapons
 m - a +1 arbalest of flaming
 p - a +0 rapier
 q - the +2 war axe "Xigag" {freeze, rPois rC++ rCorr Stlth-}
   (You found it on level 4 of the Dungeon)

   It freezes those it strikes, dealing additional cold damage.
   It can also slow down cold-blooded creatures.
   rC:        It greatly protects you from cold.
   rPois:     It protects you from poison.
   rCorr:     It protects you from acid and corrosion.
   Stlth:     It makes you less stealthy.
 t - a +2 shortbow of freezing
 G - a +2 hand crossbow of flaming (weapon)
Missiles
 C - a throwing net
Armour
 a - a +0 robe
 f - a +0 pair of gloves (worn)
 n - a +0 helmet (worn)
 o - a +2 pair of boots (worn)
 s - a +0 kite shield
 u - a +2 ring mail of fire resistance
 A - a +0 cloak (worn)
 M - +0 fire dragon scales
 O - +0 steam dragon scales (worn)
Magical Staves
 L - a staff of air
Jewellery
 x - a +4 ring of evasion
 D - an amulet of reflection
 I - a +4 ring of evasion
 N - a ring of protection from fire (left hand)
 P - a +4 ring of protection (right hand)
 T - an amulet of the acrobat (around neck)
Wands
 w - a wand of paralysis (4)
 y - a wand of mindburst (15)
 H - a wand of iceblast (9)
 K - a wand of digging (2)
 Q - a wand of flame (6)
Scrolls
 c - a scroll of enchant weapon
 e - 4 scrolls of magic mapping
 l - 2 scrolls of enchant armour
 v - 3 scrolls of identify
 B - 4 scrolls of poison
 J - a scroll of teleportation
 S - a scroll of immolation
Potions
 b - 4 potions of magic
 d - 2 potions of might
 g - 3 potions of brilliance
 h - 4 potions of curing
 i - 3 potions of heal wounds
 j - 4 potions of mutation
 k - 5 potions of haste
 r - 3 potions of lignification
 z - 3 potions of degeneration {unknown}
 E - 2 potions of resistance
 F - a potion of cancellation
 R - a potion of attraction {unknown}


   Skills:
 + Level 11.2 Fighting
 - Level 14.8 Staves
 + Level 3.9 Ranged Weapons
 - Level 2.1 Dodging
 - Level 1.7 Stealth
 + Level 13.3 Spellcasting
 + Level 4.3 Conjurations
 + Level 16.1 Summonings


You had 27 spell levels left.
You knew the following spells:

 Your Spells              Type           Power      Damage    Failure   Level
a - Summon Small Mammal   Summ           100%       N/A       0%          1
b - Call Canine Familiar  Summ           65%        N/A       1%          3
c - Summon Guardian Gole  Hex/Summ       43%        N/A       1%          3
d - Summon Lightning Spi  Summ/Air       43%        N/A       1%          4

Your spell library contained the following spells:

 Spells                   Type           Power      Damage    Failure   Level
 Call Imp                 Summ           65%        N/A       0%          2
 Magic Dart               Conj           100%       1d8       1%          1
 Searing Ray              Conj           58%        2d6       1%          2
 Beastly Appendage        Tmut           24%        N/A       5%          1
 Freeze                   Ice            48%        1d7       5%          1
 Sting                    Tmut/Pois      48%        1d5       5%          1
 Poisonous Vapours        Pois/Air       24%        N/A       9%          2
 Wereblood                Tmut           12%        N/A       9%          2
 Frozen Ramparts          Ice            24%        1d4       16%         3
 Spider Form              Tmut/Pois      12%        N/A       16%         3
 Fulminant Prism          Conj/Hex       10%        3d9       22%         4
 Hailstorm                Conj/Ice       20%        3d6       22%         4
 Anguish                  Hex/Necr       6%         N/A       47%         4
 Olgreb's Toxic Radiance  Pois           12%        N/A       47%         4
 Enfeeble                 Hex            6%         N/A       100%        7


Dungeon Overview and Level Annotations

Branches:
Dungeon (9/15)             Temple (0/1) D:5            Lair (4/5) D:8
 Shoals (0/4) Lair:2        Snake (0/4) Lair:2          Orc (0/2) D:9
Volcano (visited)
  Slime: Lair:4-5

Altars:
Ashenzari
Cheibriados
Dithmenos
Kikubaaqudgha
Makhleb
Okawaru
Ru
Trog
Xom
Zin
The Shining One

Shops:
D:8 *

Annotations:
Lair:1 3 runed translucent doors, AdrianoVernal's ghost, journeyman MiBe; Ciboetac's ghost, journeyman MiFi; Hecumoat's ghost, journeyman DECj; Jingleheimer's ghost, journeyman TeBe; Taxzan's ghost, journeyman MiGl


Innate Abilities, Weirdness & Mutations

You are amphibious.
You cover ground slowly.
You can hop long distances.
You have an extended range of vision and can be seen from far away.


Message History

The five-headed hydra closely misses you. x2
The five-headed hydra misses you. The five-headed hydra bites you!
The five-headed hydra completely misses you.
Your warg barely misses the rime drake.
The cane toad completely misses you.
You feel extremely sick.
The rime drake bites your guardian golem.
Your warg misses the rime drake. The cane toad attacks as you move away!
The cane toad stings you but does no damage.
You feel very sick. The cane toad stings you!
You are more poisoned.
The cane toad poisons you!
You feel better. The five-headed hydra bites you! x2
The five-headed hydra bites you but does no damage. x2
The five-headed hydra bites you. The cane toad misses you.
Okay, then.
A divine shield forms around you! The rime drake breathes ice at you.
The flash freeze hits you!!
* * * LOW HITPOINT WARNING * * *
You are encased in ice.
Your warg barely misses the rime drake.
The five-headed hydra bites you but does no damage.
The five-headed hydra closely misses you.
The five-headed hydra bites you but does no damage.
The five-headed hydra closely misses you.
The five-headed hydra bites you but does no damage.
The cane toad barely misses you.
You feel much better.
Your warg bites the rime drake!
The rime drake dies!
The cane toad stings you!!
* * * LOW HITPOINT WARNING * * *
You are lethally poisoned!
The cane toad poisons you!
The five-headed hydra bites you but does no damage.
The five-headed hydra bites you.
* * * LOW HITPOINT WARNING * * *
The five-headed hydra bites you.
You die...

#.... #....
#.... ## #
#..#.
#####.####+.#
#####
#............
##
##...........
#.
#..............
#.
#..@..........
+.
#$DF..........
#.
##.9.h.........
##.
#.............
#..
#P....†.......
#..
##...........
#..
..#.+..####.
#.. #####.†.#
### ##.## #


You could see a five-headed hydra (ally target), a cane toad, a friendly
guardian golem (summoned) and a friendly warg (summoned, sheltered).

Vanquished Creatures
  A fire dragon (Volcano)
  2 two-headed ogres (Volcano)
  2 death yaks
  A merfolk siren (Lair:2)
  A salamander (Volcano)
  A black mamba (Lair:2)
  4 elephants (Lair:3)
  3 cane toads
  2 blink frogs (Lair:2)
  2 yaks (Lair:4)
  A wyvern (Lair:2)
  A steam dragon (Volcano)
  Menkaure (D:4)
  A water moccasin (Lair:4)
  A sky beast (D:8)
  A wolf (Lair:1)
  A bullfrog (Lair:4)
  A scorpion (D:4)
  3 wights
  A howler monkey (D:7)
  A hound (D:5)
  3 orcs
  A bat (D:2)
  2 giant cockroaches
  A goblin (D:3)
  2 hobgoblins
  2 jackals (D:3)
  A hobgoblin zombie (D:9)
  An orc skeleton (D:9)
  A rat (D:3)
46 creatures vanquished.

Vanquished Creatures (collateral kills)
  3 two-headed ogres
  5 death yaks
  2 salamanders (Volcano)
  A black mamba (Lair:4)
  5 elephants (Lair:3)
  Maurice (D:8)
  4 cane toads
  3 rime drakes
  Psyche (D:8)
  9 komodo dragons
  Grinder (D:3)
  Prince Ribbit (D:6)
  3 blink frogs (Lair:2)
  Sigmund (D:4)
  5 wyverns (Volcano)
  29 yaks
  5 fire bats (Volcano)
  A shadow (D:9)
  3 steam dragons
  3 nagas (Lair:2)
  Edmund (D:4)
  10 water moccasins
  2 orc warriors (D:8)
  2 black bears
  2 sky beasts
  An ice beast (D:6)
  5 ogres
  3 wolves (Lair:1)
  2 centaurs
  A phantom (D:9)
  A kobold brigand (D:6)
  8 bullfrogs
  2 necrophages
  3 scorpions
  13 wights
  A troll zombie (D:9)
  6 killer bees (D:9)
  2 howler monkeys (D:7)
  Crazy Yiuf (D:6)
  5 hounds
  A jelly (D:8)
  3 orc priests
  A gnoll bouda (D:6)
  2 iguanas
  Terence (D:3)
  4 orc wizards
  An ogre zombie (D:9)
  Robin (D:3)
  10 gnolls
  8 adders
  A shadow imp (D:7)
  4 worms
  3 dart slugs (D:1)
  14 orcs
  3 endoplasms
  6 giant cockroaches
  16 goblins
  4 hobgoblins
  2 jackals (D:3)
  3 quokkas (D:1)
  4 ball pythons
  2 bats
  2 frilled lizards
  3 hobgoblin zombies (D:9)
  9 kobolds
  An orc skeleton (D:9)
  9 orc zombies (D:9)
  4 rats
279 creatures vanquished.

Vanquished Creatures (others)
  2 hydras
  2 death yaks (Lair:3)
  A two-headed ogre (Volcano)
  2 komodo dragons (Volcano)
  3 yaks (Lair:1)
  A basilisk (Lair:1)
  A centaur (D:9)
  A phantom (D:9)
  3 bullfrogs
  3 wights (D:7)
  4 ogre zombies (D:9)
  A hobgoblin skeleton (D:9)
  A hobgoblin zombie (D:9)
  2 orc zombies (D:9)
  A bush (Lair:3)
  15 fungi
  96 plants
139 creatures vanquished.

Grand Total: 464 creatures vanquished

Notes
Turn   | Place    | Note
-------+----------+-------------------------------------------
     0 | D:1      | Radix the Barachi Summoner began the quest for the Orb.
     0 | D:1      | Reached XP level 1. HP: 13/13 MP: 3/3
     3 | D:1      | Found an ancient bone altar of Kikubaaqudgha.
   333 | D:1      | Reached skill level 5 in Summonings
   351 | D:1      | Reached XP level 2. HP: 15/19 MP: 1/5
   725 | D:1      | Reached XP level 3. HP: 24/24 MP: 2/7
  1503 | D:2      | Reached skill level 6 in Summonings
  1503 | D:2      | Reached XP level 4. HP: 3/30 MP: 4/9
  1783 | D:2      | Learned a level 3 spell: Call Canine Familiar
  2338 | D:3      | Noticed Grinder
  2381 | D:3      | Paralysed by Grinder for 2 turns
  2395 | D:3      | Killed Grinder
  2396 | D:3      | Reached skill level 7 in Summonings
  2396 | D:3      | Reached XP level 5. HP: 20/35 MP: 0/12
  2396 | D:3      | Reached XP level 6. HP: 23/41 MP: 0/13
  2790 | D:3      | Reached skill level 5 in Spellcasting
  2810 | D:3      | Found a faded altar of an unknown god.
  2916 | D:3      | Noticed Robin
  2931 | D:3      | Killed Robin
  2954 | D:3      | Found a broken altar of Ashenzari.
  3002 | D:3      | Noticed Terence
  3052 | D:3      | Killed Terence
  3133 | D:3      | Found a burning altar of Makhleb.
  3488 | D:4      | Reached XP level 7. HP: 46/46 MP: 5/15
  3549 | D:4      | Identified the +2 war axe "Xigag" {freeze, rPois rC++ rCorr
                  | Stlth-}
  3630 | D:4      | Reached skill level 8 in Summonings
  3776 | D:4      | Noticed Menkaure
  3793 | D:4      | Killed Menkaure
  3849 | D:4      | Found a glowing silver altar of Zin.
  3986 | D:4      | Found a shadowy altar of Dithmenos.
  4121 | D:4      | Noticed Edmund
  4140 | D:4      | Killed Edmund
  4162 | D:4      | Noticed Sigmund
  4183 | D:4      | Killed Sigmund
  4184 | D:4      | Reached skill level 9 in Summonings
  4184 | D:4      | Reached XP level 8. HP: 45/52 MP: 10/18
  4615 | D:5      | Entered Level 5 of the Dungeon
  4987 | D:5      | Found a staircase to the Ecumenical Temple.
  5464 | D:6      | Reached skill level 10 in Summonings
  5470 | D:6      | Learned a level 3 spell: Summon Guardian Golem
  5606 | D:6      | Reached skill level 1 in Staves
  5886 | D:6      | Reached XP level 9. HP: 57/57 MP: 13/21
  5987 | D:6      | Noticed Prince Ribbit
  6028 | D:6      | Killed Prince Ribbit
  6029 | D:6      | Reached skill level 5 in Staves
  6337 | D:6      | Found a runed translucent door.
  6338 | D:6      | Noticed Crazy Yiuf
  6348 | D:6      | Killed Crazy Yiuf
  6469 | D:6      | Reached skill level 11 in Summonings
  7069 | D:6      | Learned a level 4 spell: Summon Lightning Spire
  7071 | D:7      | Found a snail-covered altar of Cheibriados.
  7071 | D:7      | Found a shimmering altar of Xom.
  7071 | D:7      | Found a sacrificial altar of Ru.
  7075 | D:7      | Found an iron altar of Okawaru.
  7127 | D:7      | Reached XP level 10. HP: 62/63 MP: 12/23
  7277 | D:7      | Reached skill level 12 in Summonings
  7450 | D:7      | Found a bloodstained altar of Trog.
  7614 | D:8      | Found Tiubetu's Changing Room.
  7643 | D:8      | Reached skill level 1 in Fighting
  7825 | D:8      | Noticed Maurice
  7843 | D:8      | Killed Maurice
  7913 | D:8      | Reached skill level 10 in Spellcasting
  8161 | D:8      | Noticed a two-headed ogre
  8172 | D:8      | Reached skill level 10 in Staves
  8175 | D:8      | Killed a two-headed ogre
  8433 | D:8      | Noticed Psyche
  8443 | D:8      | Killed Psyche
  8466 | D:8      | Reached XP level 11. HP: 78/78 MP: 19/25
  8485 | D:8      | Found a staircase to the Lair.
  8662 | D:8      | Found a glowing golden altar of the Shining One.
  8675 | D:8      | Became a worshipper of the Shining One
  9108 | D:9      | Noticed a two-headed ogre
  9128 | D:9      | Killed a two-headed ogre
  9129 | D:9      | Reached skill level 5 in Fighting
  9129 | D:9      | Reached skill level 13 in Summonings
  9156 | D:9      | Noticed a two-headed ogre
  9164 | D:9      | Killed a two-headed ogre
  9421 | D:9      | Reached * piety under the Shining One
  9471 | D:9      | Reached ** piety under the Shining One
  9560 | D:9      | Found a staircase to the Orcish Mines.
 10016 | Lair:1   | Entered Level 1 of the Lair of Beasts
 10866 | Lair:1   | Found a runed translucent gate.
 10866 | Lair:1   | Found a runed translucent gate.
 10866 | Lair:1   | Found a runed translucent gate.
 10868 | Lair:1   | Noticed AdrianoVernal's ghost (journeyman MiBe)
 10868 | Lair:1   | Noticed Taxzan's ghost (journeyman MiGl)
 10868 | Lair:1   | Noticed Hecumoat's ghost (journeyman DECj)
 10930 | Lair:1   | Reached skill level 14 in Summonings
 10947 | Lair:1   | Reached XP level 12. HP: 91/91 MP: 5/27
 11094 | Lair:1   | Noticed a six-headed hydra
 11102 | Lair:1   | Killed a six-headed hydra
 11290 | Lair:1   | Noticed Jingleheimer's ghost (journeyman TeBe)
 11292 | Lair:1   | Noticed Ciboetac's ghost (journeyman MiFi)
 11295 | Lair:1   | Found the necklace of Bloodlust {*Rage Will++ Int-3 Slay+6}
 11678 | Lair:2   | Found a dark tunnel.
 11692 | Volcano  | Entered a volcano
 11694 | Volcano  | Noticed a two-headed ogre
 11706 | Volcano  | Killed a two-headed ogre
 12066 | Volcano  | Noticed a two-headed ogre
 12098 | Volcano  | Killed a two-headed ogre
 12234 | Volcano  | Noticed a two-headed ogre
 12250 | Volcano  | Killed a two-headed ogre
 12266 | Volcano  | Noticed a fire dragon
 12285 | Volcano  | Killed a fire dragon
 12286 | Volcano  | Reached skill level 15 in Summonings
 12694 | Lair:2   | Found a staircase to the Snake Pit.
 12723 | Lair:2   | Noticed a death yak
 12724 | Lair:2   | Noticed a death yak
 12724 | Lair:2   | Noticed a death yak
 12724 | Lair:2   | Noticed a death yak
 12724 | Lair:2   | Reached *** piety under the Shining One
 12737 | Lair:2   | Killed a death yak
 12738 | Lair:2   | Gained mutation: You can hop long distances. [Barachi
                  | growth]
 12738 | Lair:2   | Reached XP level 13. HP: 82/102 MP: 19/29
 13050 | Lair:2   | Reached skill level 10 in Fighting
 13387 | Lair:2   | Reached skill level 1 in Ranged Weapons
 13387 | Lair:2   | Reached skill level 1 in Conjurations
 13586 | Lair:2   | Found a staircase to the Shoals.
 15066 | Lair:4   | Reached skill level 16 in Summonings
 15445 | Lair:4   | HP: 5/106 [five-headed hydra (5)]
 15445 | Lair:4   | Slain by a five-headed hydra

Illustrated notes

Levels and vault maps discovered:
D:1:      dpeg_arrival_lava_altar, layout_rooms, minmay_misc_feat_roman,
          roderic_lattice_a
D:2:      layout_basic, item_on_display_a
D:3:      layout_basic, lightli_temple_of_fire, ashenzari_conservatory_becter,
          dreamdust_ecumenical_altar_statues, uniq_robin, uniq_terence,
          uniq_grinder
D:4:      nicolae_cairo_tiling_large_dashed, layout_loops_ring,
          grunt_dithmenos_smoke_and_mirrors, zin_scriptorium,
          sigmund_edmund_badplayer, uniq_menkaure
D:5:      layout_basic, temple_pool_b, kennysheep_generic_room_9
D:6:      layout_basic, minmay_manual_moon, uniq_crazy_yiuf_cottage,
          uniq_prince_ribbit1
D:7:      layout_rooms, trog_three_pillars_becter, grunt_temple_overflow_open
D:8:      layout_loops_ring, nicolae_tso_swordbearing_angel,
          nicolae_transmutations_shop, minmay_starry_boxes, uniq_psyche,
          uniq_maurice
D:9:      layout_long_grid, zombieorc1_lemuel
Lair:1:   layout_loops_ring, gammafunk_ghost_cemetery, grunt_megastairs_4
Lair:2:   layout_regular_city, minmay_shoals_entry_lonely_mermaid,
          minmay_snake_entry_guardpost_medium, nicolae_volcano_entry_two_sided
Lair:3:   layout_chaotic_city
Lair:4:   layout_roguey

Skill      XL: |  1  2  3  4  5  6  7  8  9 10 11 12 13 |
---------------+----------------------------------------+-----
Summonings     | 5 6 7 9 10 11 12 14 15 16 | 16.1
Spellcasting   | 3 4 5 6 8 9 10 11 12 13 | 13.3
Staves         | 3 7 10 12 14 | 14.8
Fighting       | 4 7 9 11 | 11.2
Ranged Weapons | 3 |  3.9
Conjurations   | 4 |  4.3
Dodging        | |  2.1
Stealth        | |  1.7

Action                   |  1- 3 |  4- 6 |  7- 9 | 10-12 | 13-15 || total
-------------------------+-------+-------+-------+-------+-------++-------
Melee: Dagger            |    21 |    22 |       |       |       ||    43
       War axe           |       |       |    46 |    17 |       ||    63
       Quarterstaff      |       |       |    12 |    23 |       ||    35
       Staff             |       |       |       |    47 |       ||    47
 Fire: Hand crossbow     |       |       |       |    29 |   100 ||   129
       Shortbow          |       |       |       |     5 |       ||     5
 Cast: Summon Small Mamm |    40 |    51 |    67 |    23 |     5 ||   186
       Call Canine Famil |       |    11 |    36 |    56 |    18 ||   121
       Summon Guardian G |       |       |     7 |    24 |     7 ||    38
       Summon Lightning  |       |       |     2 |    62 |    23 ||    87
Invok: Divine Shield     |       |       |       |     1 |     2 ||     3
 Abil: Hop               |     1 |     1 |     2 |     5 |     2 ||    11
Evoke: Wand              |       |       |       |     4 |       ||     4
  Use: Scroll            |       |       |     8 |    16 |     1 ||    25
       Potion            |       |       |     2 |     4 |     3 ||     9
 Stab: Distracted        |       |       |     3 |       |       ||     3
Armor: Robe              |    24 |     4 |    26 |    53 |       ||   107
       Steam dragon scal |       |       |       |     7 |    37 ||    44
Dodge: Dodged            |    47 |    23 |    49 |   139 |    55 ||   313
Block: Other             |       |       |     5 |    42 |    10 ||    57
       Reflection        |       |       |       |     2 |       ||     2
